 Dungeon Crawl Stone Soup version 0.21.0-22-g11d5b52 (webtiles) character file.

116459 Faca the Severer (level 16, -1/155 HPs)
             Began as a Minotaur Berserker on Jan 19, 2018.
             Was a High Priest of Trog.
             Slain by Asterion
             ... wielding a +1 demon blade of draining
              (19 damage)
             ... on level 1 of the Snake Pit.
             The game lasted 01:12:14 (31471 turns).

Faca the Severer (Minotaur Berserker)              Turns: 31471, Time: 01:12:15

Health: -1/155     AC: 26    Str: 25    XL:     16   Next: 21%
Magic:  15/15      EV: 16    Int:  4    God:    Trog [*****.]
Gold:   1051       SH:  0    Dex: 17    Spells: 15/15 levels left

rFire    . . .     SeeInvis +   O - +6 battleaxe (elec)
rCold    . . .     Gourm    .   (shield currently unavailable)
rNeg     . . .     Faith    +   H - +2 plate armour {rPois}
rPois    +         Spirit   .   (helmet restricted)
rElec    .         Reflect  .   Q - +0 cloak of the Original Sin {MR+ SInv}
rCorr    .         Harm     .   V - +1 pair of gloves
MR       ++...                  (no boots)
Stlth    ..........             q - amulet of faith
HPRegen  0.35/turn              P - +3 ring of protection
MPRegen  0.14/turn              M - +3 ring of dexterity

@: lethally poisoned (-1 -> -1), drained
A: retaliatory headbutt, horns 2
a: Berserk, Trog's Hand, Brothers in Arms, Burn Spellbooks, Renounce Religion


You were on level 1 of the Snake Pit.
You worshipped Trog.
Trog was extremely pleased with you.
You were very hungry.

You visited 4 branches of the dungeon, and saw 24 of its levels.
You also visited: Sewer, Ossuary and Ice Cave.

You collected 2691 gold pieces.
You spent 1640 gold pieces at shops.

Inventory:

Hand Weapons
 k - the +7 Spriggan's Knife {MR+ EV+4 Dex+4 Stlth+}
   (You found it on level 6 of the Lair of Beasts)

   It affects your evasion (+4).
   It affects your dexterity (+4).
   It affects your resistance to hostile enchantments.
   It makes you more stealthy.
 D - the +0 war axe of Xom's Hatred {chop, +Inv MR+ Int+3 Stlth-}
   (You bought it in a shop on level 15 of the Dungeon)

   It inflicts extra damage upon your enemies.
   It affects your intelligence (+3).
   It affects your resistance to hostile enchantments.
   It lets you turn invisible.
   It makes you less stealthy.
 K - a +3 executioner's axe of electrocution
 O - a +6 battleaxe of electrocution (weapon)
Armour
 H - a +2 plate armour of poison resistance (worn)
 Q - the +0 cloak of the Original Sin (worn) {MR+ SInv}
   (You found it on level 6 of the Lair of Beasts)

   It affects your resistance to hostile enchantments.
   It lets you see invisible.
 S - a +4 plate armour of cold resistance
 V - a +1 pair of gloves (worn)
Jewellery
 p - an uncursed ring of resist corrosion
 q - an amulet of faith (around neck)
 r - a +5 ring of intelligence
 I - an uncursed ring of protection from cold
 M - a +3 ring of dexterity (right hand)
 P - a +3 ring of protection (left hand)
Wands
 G - a wand of digging (25)
Scrolls
 a - 3 scrolls of fear
 b - 5 scrolls of remove curse
 d - 9 scrolls of teleportation
 f - 4 scrolls of fog
 j - 10 scrolls of enchant armour
 o - 7 scrolls of enchant weapon
 u - 4 scrolls of immolation
 E - a scroll of holy word
 F - 5 scrolls of magic mapping
 J - 2 scrolls of silence
Potions
 e - 5 potions of might
 g - 3 potions of invisibility
 h - 4 potions of agility
 i - a potion of heal wounds
 m - 9 potions of curing
 n - 3 potions of brilliance
 s - 4 potions of berserk rage
 t - 3 potions of flight
 v - a potion of cancellation
 x - 2 potions of mutation
 z - 2 potions of lignification
 C - 2 potions of resistance
 L - 5 potions of haste
Comestibles
 c - 22 rations


   Skills:
 + Level 17.3(16.0) Fighting
 * Level 17.8(16.4) Axes
 + Level 16.4(15.1) Armour
 + Level 15.2(13.9) Dodging


You had 15 spell levels left.
You didn't know any spells.

Dungeon Overview and Level Annotations

Branches:
Dungeon (15/15)            Temple (0/1) D:7            Lair (6/6) D:10
  Swamp (0/4) Lair:4        Snake (1/4) Lair:4        Slime (0/5) Lair:5
    Orc (2/2) D:10            Elf (0/3) Orc:2        Vaults (0/5) D:14
 Depths (0/5) D:15

Altars:
Cheibriados
Elyvilon
Fedhas
Hepliaklqana
Makhleb
Okawaru
Ru
Trog
Xom
Jiyva

Shops:
D:7 =   D:11 ?   D:15 (   Orc:2 *[:[(   Snake:1 :

Annotations:
D:10 exclusion: orange crystal statue
D:14 2 transporters
Lair:1 exclusion: oklob plant
Lair:3 exclusion: oklob plant
Snake:1 Asterion


Innate Abilities, Weirdness & Mutations

You reflexively headbutt those who attack you in melee.
You have a pair of horns on your head.


Message History

Your troll closely misses the cacodemon.
Your troll claws the cacodemon!
Your troll misses the cacodemon. Asterion completely misses you.
Asterion closely misses you. The cacodemon gestures at your troll.
The bolt of energy hits your troll.
Your troll is blown up!
Your troll's corpse disappears in a puff of smoke!
The cacodemon shouts!
Asterion conjures a destructive force in the name of Makhleb!
The fireball explodes!
The fireball engulfs you!
* * * LOW HITPOINT WARNING * * *
The fireball engulfs the cacodemon.
The cacodemon dies!
The fireball engulfs Asterion.
Your ogre goes berserk!
You are feeling very hungry.
You feel sick.
Asterion says, "Your valuables will do nicely in my coffers."
Asterion hits you with a demon blade of draining!!
You die...

#...........##...# #
#..............### #
#..............# #
##.............##
#..............#
##.............#
#.............##
##..............##
..#........@.......#
#........ยง)H.......#
#.........O...[....#
##.......((...[....#
#.......(........##
#.##...)........##
#.#.............# #
#.............##
................#


You could see Asterion and a friendly ogre (berserk).

Vanquished Creatures
  Frances (Snake:1)
  Kirke (Lair:5)
  Roxanne (Snake:1)
  5 dire elephants
  Snorg (Lair:6)
  The ghost of Mustardman the Jinx, a journeyman SpEn of Dithmenos (Orc:1)
  The ghost of Popetastic the Cleaver, a journeyman DsGl of Kikubaaqudgha (Lair:3)
  Josephine (D:14)
  A naga warrior (Snake:1)
  5 hydras
  8 vault guards (D:14)
  A catoblepas (Lair:6)
  Harold (D:12)
  An anaconda (Lair:6)
  13 two-headed ogres
  2 ogre magi (Orc:2)
  A deep troll earth mage (D:13)
  5 death yaks (Lair:5)
  3 naga sharpshooters (Snake:1)
  A shock serpent (Snake:1)
  2 deep trolls (Orc:2)
  A naga ritualist (Snake:1)
  2 wolf spider zombies
  A necromancer (D:13)
  An orc knight (D:15)
  3 mana vipers (Snake:1)
  An orc sorcerer (Orc:1)
  3 deep elf magi (D:13)
  18 ugly things
  5 manticores
  A salamander (Snake:1)
  6 cyclopes
  4 elephants (Lair:6)
  Joseph (D:7)
  3 centaur zombies
  A guardian serpent (Snake:1)
  2 naga magi (Snake:1)
  An ice statue (Lair:4)
  12 black mambas
  12 spiny frogs
  A kobold demonologist (D:12)
  A yaktaur (D:13)
  A rime drake (Lair:3)
  2 gargoyles
  15 komodo dragons
  An efreet (D:14)
  5 ice devils
  A freezing wraith (Lair:4)
  4 polar bears
  15 trolls
  Grinder (D:4)
  Prince Ribbit (D:5)
  3 hornets
  6 hippogriffs
  14 blink frogs (Lair:3)
  5 slime creatures (D:15)
  Sigmund (D:4)
  40 yaks
  5 wyverns
  6 hogs
  5 wraiths
  A vampire (D:12)
  A human (D:7)
  6 basilisks
  3 hungry ghosts
  A steam dragon (D:10)
  3 insubstantial wisps
  12 nagas
  3 wargs
  Menkaure (D:5)
  2 acid dragons
  15 water moccasins
  10 porcupines
  Purgy (Sewer)
  A hornet zombie (D:8)
  15 orc warriors
  7 sky beasts
  A phantom (D:11)
  2 eyes of draining
  14 ice beasts
  3 black bears (Lair:3)
  A necrophage (D:7)
  5 wolves (Lair:2)
  23 ogres
  3 centaurs
  14 crocodiles
  5 big kobolds
  11 bullfrogs
  A gnoll sergeant (D:9)
  2 water moccasin zombies (Ossuary)
  4 scorpions
  2 wyvern skeletons
  13 killer bees
  4 wights (D:7)
  4 howler monkeys
  An electric eel (Lair:3)
  9 crimson imps
  2 bullfrog zombies (D:10)
  2 draconian simulacra (IceCv)
  3 hounds
  4 centaur skeletons
  A quasit (D:10)
  Crazy Yiuf (D:5)
  10 orc priests
  2 bullfrog skeletons
  3 iguanas
  7 jellies
  16 orc wizards
  A troll simulacrum (IceCv)
  9 worker ants
  A killer bee zombie (D:9)
  2 big kobold zombies (Ossuary)
  2 centaur simulacra (IceCv)
  2 mummies (Ossuary)
  2 hound skeletons
  A worker ant zombie (D:6)
  Robin (D:3)
  A howler monkey skeleton (D:7)
  6 gnolls
  7 adders
  2 ogre simulacra (IceCv)
  3 naga simulacra (IceCv)
  2 shadow imps
  2 white imps (Lair:4)
  2 oozes (D:3)
  An adder skeleton (D:7)
  7 adder zombies
  2 worms (D:2)
  4 dart slugs
  8 leopard geckos
  80 orcs
  12 giant cockroaches
  3 gnoll zombies (Ossuary)
  13 hobgoblins
  8 jackals
  7 quokkas
  A ball python (D:1)
  21 bats
  7 frilled lizards
  16 goblins
  4 hobgoblin zombies (Ossuary)
  28 kobolds
  2 kobold zombies (Ossuary)
  7 orc zombies (Ossuary)
  10 rats
  5 fungi
  9 plants
823 creatures vanquished.

Vanquished Creatures (collateral kills)
  Nessos (Lair:4)
  2 dire elephants (Lair:6)
  A naga sharpshooter (Snake:1)
  Urug (D:11)
  A necromancer (IceCv)
  An ugly thing (D:13)
  4 ice statues (IceCv)
  3 ice devils
  An adder (D:12)
15 creatures vanquished.

Vanquished Creatures (others)
  A naga sharpshooter (Snake:1)
  A basilisk (D:13)
  A porcupine (Lair:5)
  A bullfrog skeleton (D:13)
  3 fungi
  3 plants
10 creatures vanquished.

Grand Total: 848 creatures vanquished

Notes
Turn   | Place    | Note
-------+----------+-------------------------------------------
     0 | D:1      | Faca the Minotaur Berserker began the quest for the Orb.
     0 | D:1      | Reached XP level 1. HP: 19/19 MP: 0/0
    72 | D:1      | Reached XP level 2. HP: 14/27 MP: 1/1
   468 | D:1      | Reached XP level 3. HP: 34/34 MP: 2/2
   496 | D:1      | Reached ** piety under Trog
   721 | D:2      | Found a shimmering altar of Xom.
   834 | D:2      | Found a shimmering altar of Xom.
   995 | D:2      | Found a sacrificial altar of Ru.
  1076 | D:2      | Found a shimmering altar of Xom.
  1085 | D:2      | Reached XP level 4. HP: 34/41 MP: 3/3
  1103 | D:2      | Reached skill level 5 in Fighting
  1103 | D:2      | Reached skill level 5 in Axes
  1144 | D:2      | Found a bloodstained altar of Trog.
  1147 | D:2      | Found an iron altar of Okawaru.
  1394 | D:3      | Reached *** piety under Trog
  1507 | D:3      | Reached XP level 5. HP: 43/48 MP: 4/4
  1543 | D:3      | Found a snail-covered altar of Cheibriados.
  2096 | D:3      | Found a white marble altar of Elyvilon.
  2176 | D:3      | Noticed Robin
  2176 | D:3      | Reached **** piety under Trog
  2188 | D:3      | Killed Robin
  2268 | D:4      | Noticed Sigmund
  2273 | D:4      | Reached XP level 6. HP: 58/58 MP: 5/5
  2356 | D:4      | Found a glowing drain.
  2377 | Sewer    | Entered a sewer
  2423 | Sewer    | Noticed Purgy
  2433 | Sewer    | Killed Purgy
  2433 | Sewer    | Reached XP level 7. HP: 42/66 MP: 6/6
  2577 | D:4      | Killed Sigmund
  2604 | D:4      | Found a sand-covered staircase.
  2614 | Ossuary  | Entered an ossuary
  2818 | Ossuary  | Reached ***** piety under Trog
  2986 | D:4      | Found a blossoming altar of Fedhas.
  3094 | D:4      | Reached XP level 8. HP: 69/74 MP: 7/7
  3145 | D:4      | Noticed Grinder
  3159 | D:4      | Paralysed by Grinder for 2 turns
  3164 | D:4      | Killed Grinder
  3431 | D:5      | Entered Level 5 of the Dungeon
  3431 | D:5      | Noticed Prince Ribbit
  3437 | D:5      | Killed Prince Ribbit
  3437 | D:5      | Reached skill level 5 in Armour
  3833 | D:5      | Received a gift from Trog
  3834 | D:5      | Reached skill level 5 in Dodging
  3982 | D:5      | Found a runed door.
  4169 | D:5      | Noticed Crazy Yiuf
  4169 | D:5      | Noticed Menkaure
  4172 | D:5      | Killed Menkaure
  4176 | D:5      | Killed Crazy Yiuf
  4611 | D:6      | Reached XP level 9. HP: 83/83 MP: 8/8
  4929 | D:6      | Found a burning altar of Makhleb.
  5282 | D:7      | You fall through a shaft for 2 floors!
  5692 | D:8      | Noticed a two-headed ogre
  5699 | D:8      | Killed a two-headed ogre
  5699 | D:8      | Reached skill level 10 in Fighting
  5699 | D:8      | Reached skill level 10 in Axes
  5959 | D:8      | Reached XP level 10. HP: 71/93 MP: 0/9
  6204 | D:8      | Received a gift from Trog
  6264 | D:7      | Found Xigenara's Jewellery Boutique.
  6274 | D:7      | Bought a cursed ring of teleportation for 54 gold pieces
  6274 | D:7      | Bought a cursed -3 ring of evasion for 24 gold pieces
  6455 | D:7      | Noticed Joseph
  6467 | D:7      | Killed Joseph
  6587 | D:7      | Found a staircase to the Ecumenical Temple.
  7731 | D:9      | Noticed a two-headed ogre
  7741 | D:9      | Killed a two-headed ogre
  7887 | D:9      | Found a hazy altar of Hepliaklqana.
  7888 | D:9      | Found a shimmering altar of Xom.
  8138 | D:10     | Entered Level 10 of the Dungeon
  8344 | D:10     | Noticed an orange crystal statue
  8406 | D:10     | Reached XP level 11. HP: 91/102 MP: 10/10
  8521 | D:10     | Found a staircase to the Lair.
  8634 | D:10     | Paralysed by a hornet for 1 turns
  9091 | D:10     | Reached ****** piety under Trog
  9282 | D:10     | Found a staircase to the Orcish Mines.
  9485 | D:10     | Received a gift from Trog
  9548 | D:10     | Reached skill level 10 in Armour
  9899 | D:11     | Noticed a purple ugly thing
  9910 | D:11     | Killed a purple ugly thing
 10101 | D:11     | Found a frozen archway.
 10140 | IceCv    | Entered an ice cave
 11607 | IceCv    | Noticed a necromancer
 11613 | IceCv    | Killed a necromancer
 11777 | D:11     | Reached skill level 10 in Dodging
 11943 | D:11     | Found Kubahuil's Magic Scroll Emporium.
 11953 | D:11     | Bought a scroll of identify for 30 gold pieces
 12015 | D:11     | Noticed Urug
 12025 | D:11     | Killed Urug
 12465 | D:11     | Noticed a brown ugly thing
 12475 | D:11     | Killed a brown ugly thing
 12649 | D:12     | Noticed a two-headed ogre
 12659 | D:12     | Killed a two-headed ogre
 12659 | D:12     | Reached XP level 12. HP: 113/113 MP: 11/11
 12774 | D:12     | Noticed Harold
 12789 | D:12     | Killed Harold
 13730 | Lair:1   | Entered Level 1 of the Lair of Beasts
 15864 | Lair:3   | Noticed Popetastic's ghost (journeyman DsGl)
 15881 | Lair:3   | Killed Popetastic's ghost
 16075 | Lair:3   | Reached XP level 13. HP: 68/123 MP: 12/12
 16371 | Lair:3   | Received a gift from Trog
 17475 | Lair:4   | Found a staircase to the Snake Pit.
 17839 | Lair:4   | Got a smoking flail
 17944 | Lair:4   | Lost intelligence.
 17944 | Lair:4   | Identified the cursed +1 flail of World's End {distort, rElec rF+++ Int-4} (You found it on level 4 of the Lair of Beasts)
 18012 | Lair:4   | Noticed Nessos
 18220 | Lair:4   | Found a staircase to the Swamp.
 18434 | Lair:4   | Killed Nessos
 18647 | Lair:5   | Noticed Kirke
 18742 | Lair:5   | Killed Kirke
 18784 | Lair:5   | Received a gift from Trog
 19408 | Lair:5   | Found a viscous altar of Jiyva.
 19409 | Lair:5   | Found a staircase to the Slime Pits.
 19663 | Lair:6   | Entered Level 6 of the Lair of Beasts
 19914 | Lair:6   | Reached skill level 15 in Fighting
 19916 | Lair:6   | Reached skill level 15 in Axes
 19948 | Lair:5   | Reached XP level 14. HP: 77/135 MP: 13/13
 20479 | Lair:6   | Noticed Snorg
 20493 | Lair:6   | Killed Snorg
 20852 | Lair:6   | Got a heavily runed cloak
 20853 | Lair:6   | Identified the cursed +0 cloak of the Original Sin {MR+ SInv} (You found it on level 6 of the Lair of Beasts)
 21185 | Lair:6   | Received a gift from Trog
 21660 | Lair:6   | Found the +7 Spriggan's Knife {MR+ EV+4 Dex+4 Stlth+}
 22987 | Orc:1    | Entered Level 1 of the Orcish Mines
 23524 | Orc:2    | Entered Level 2 of the Orcish Mines
 23749 | Orc:2    | Received a gift from Trog
 23777 | Orc:2    | Found Nuwkya's Armour Boutique.
 24225 | Orc:2    | Reached skill level 15 in Armour
 24320 | Orc:2    | Found Diphes's Antique Armour Shop.
 24707 | Orc:2    | Bought a spiked chain mail for 256 gold pieces
 24869 | Orc:2    | Reached XP level 15. HP: 142/144 MP: 14/14
 24893 | Orc:2    | Found Giuvu's General Store.
 24895 | Orc:2    | Found Yczeury's Book Shoppe.
 24897 | Orc:2    | Bought a +4 plate armour of cold resistance for 550 gold pieces
 24897 | Orc:2    | Found a staircase to the Elven Halls.
 24902 | Orc:2    | Bought a scroll of enchant weapon for 90 gold pieces
 24905 | Orc:2    | Found Raxkaogg's Antique Weapon Shop.
 24989 | Orc:1    | Identified the cursed +1 chain mail of Creativity {rElec rF+ rC+ Str-5} (You bought it in a shop on level 2 of the Orcish Mines)
 25299 | Orc:1    | Noticed Mustardman's ghost (journeyman SpEn)
 25323 | Orc:1    | Killed Mustardman's ghost
 26253 | D:12     | Received a gift from Trog
 26913 | D:14     | Found a gate to the Vaults.
 27050 | D:14     | Found a transporter.
 27086 | D:14     | Found a transporter.
 27424 | D:14     | Received a gift from Trog
 27518 | D:14     | Noticed Josephine
 27530 | D:14     | Killed Josephine
 28136 | D:15     | Entered Level 15 of the Dungeon
 28883 | D:15     | Found Eddysy's Antique Weapon Shoppe.
 28892 | D:15     | Bought a jewelled war axe for 229 gold pieces
 28892 | D:15     | Identified the +0 war axe of Xom's Hatred {chop, +Inv MR+ Int+3 Stlth-} (You bought it in a shop on level 15 of the Dungeon)
 29068 | D:15     | Reached skill level 15 in Dodging
 29306 | D:15     | Found a staircase to the Depths.
 29542 | Orc:2    | Bought a +2 plate armour of poison resistance for 407 gold pieces
 29698 | Snake:1  | Entered Level 1 of the Snake Pit
 29698 | Snake:1  | Noticed Roxanne
 29788 | Snake:1  | Received a gift from Trog
 29800 | Snake:1  | Killed Roxanne
 29801 | Snake:1  | Identified Roxanne's Collected Works on the Rocks (You took it off Roxanne on level 1 of the Snake Pit)
 30203 | Snake:1  | Found Ucinov's Book Boutique.
 30230 | Snake:1  | Reached XP level 16. HP: 148/155 MP: 15/15
 30230 | Snake:1  | Received a gift from Trog
 30422 | Snake:1  | Got a scorched large shield
 31064 | Snake:1  | Noticed Frances
 31100 | Snake:1  | Killed Frances
 31397 | Snake:1  | Identified the +6 large shield "Plog" {rPois rC+} (You found it on level 1 of the Snake Pit)
 31427 | Snake:1  | Noticed Asterion
 31471 | Snake:1  | Slain by Asterion

Skill      XL: |  1  2  3  4  5  6  7  8  9 10 11 12 13 14 15 |
---------------+----------------------------------------------+-----
Fighting       | 4 5 6 7 9 10 11 12 13 15 16 17 | 17.3
Axes           | 4 5 6 7 9 10 11 12 13 15 16 17 | 17.8
Armour         | 4 6 7 9 11 12 13 15 16 | 16.4
Dodging        | 3 5 7 8 10 11 12 14 15 | 15.2

Action                   |  1- 3 |  4- 6 |  7- 9 | 10-12 | 13-15 | 16-18 || total
-------------------------+-------+-------+-------+-------+-------+-------++-------
Melee: Hand axe          |    71 |   117 |   255 |   309 |       |       ||   752
       Headbutt          |    10 |    20 |    50 |   132 |   263 |    27 ||   502
       Broad axe         |       |       |       |   282 |   432 |       ||   714
       Flail             |       |       |       |       |     9 |       ||     9
       Morningstar       |       |       |       |       |    26 |       ||    26
       Battleaxe         |       |       |       |       |   413 |    78 ||   491
Invok: Berserk           |       |       |     3 |     5 |     5 |       ||    13
       Brothers in Arms  |       |       |       |     7 |     6 |     4 ||    17
       Burn Spellbooks   |       |       |       |     2 |     3 |     1 ||     6
 Abil: Evoke Flight      |       |       |       |     1 |     1 |       ||     2
Evoke: Wand              |       |       |       |       |     1 |       ||     1
  Use: Scroll            |       |    11 |     3 |    16 |    10 |     1 ||    41
       Potion            |       |       |       |     2 |     8 |       ||    10
 Stab: Distracted        |       |       |       |       |     1 |       ||     1
  Eat: Ration            |     1 |     1 |     2 |    10 |    13 |     1 ||    28
       Chunk             |       |       |     5 |     7 |    11 |       ||    23
Armor: Animal skin       |     6 |       |       |       |       |       ||     6
       Scale mail        |    12 |    53 |    41 |       |       |       ||   106
       Chain mail        |       |       |    31 |   189 |    59 |       ||   279
       Plate armour      |       |       |       |       |   367 |    47 ||   414
Dodge: Dodged            |    50 |    60 |   112 |   280 |   609 |    78 ||  1189
